 Dungeon Crawl Stone Soup version 0.20.0-15-g7f486f2 (webtiles) character file.

606 greprep the Cudgeler (level 7, 0/64 HPs)
             Began as a Deep Dwarf Fighter on June 23, 2017.
             Was a Believer of Makhleb.
             Killed by divine providence
             ... invoked by an orc priest
              (14 damage)
             ... on level 5 of the Dungeon.
             The game lasted 00:13:45 (4167 turns).

greprep the Cudgeler (Deep Dwarf Fighter)           Turns: 4167, Time: 00:13:45

Health: 0/64       AC: 10    Str: 22    XL:     7   Next: 19%
Magic:  6/6        EV:  9    Int:  8    God:    Makhleb [**....]
Gold:   203        SH: 10    Dex: 12    Spells: 6/6 levels left

rFire    . . .     SeeInvis +   u - +0 mace (holy)
rCold    . . .     Gourm    .   c - +0 shield
rNeg     . . .     Faith    .   b - +0 scale mail
rPois    .         Spirit   .   p - +0 helmet
rElec    .         Reflect  .   (no cloak)
rCorr    .         Harm     .   (no gloves)
MR       +....                  D - +1 pair of boots
Stlth    ..........             (no amulet)
Regen    0.0/turn               B - ring of see invisible
MPRegen  0.1/turn               (no ring)

@: non-regenerating, slowed, very slow
A: damage resistance, heal wounds, sense surroundings 1, no regeneration
a: Heal Wounds, Minor Destruction, Renounce Religion


You were on level 5 of the Dungeon.
You worshipped Makhleb.
Makhleb was pleased with you.
You were not hungry.

You visited 1 branch of the dungeon, and saw 5 of its levels.

You collected 203 gold pieces.

Inventory:

Hand Weapons
 u - a +0 mace of holy wrath (weapon)
Missiles
 y - 26 bolts
Armour
 b - a +0 scale mail (worn)
 c - a +0 shield (worn)
 p - a +0 helmet (worn)
 D - a +1 pair of boots (worn)
Jewellery
 B - a ring of see invisible (left hand)
Wands
 x - a wand of random effects (22/48)
Scrolls
 g - 3 scrolls of recharging
 h - 2 scrolls of enchant weapon {unknown}
 l - 4 scrolls of remove curse
 o - 2 scrolls of amnesia {unknown}
 q - a scroll of immolation {unknown}
 r - a scroll of blinking {unknown}
 w - a scroll of noise {unknown}
 E - 2 scrolls of fog {unknown}
 F - a scroll of fear {unknown}
 G - a scroll of magic mapping {unknown}
Potions
 a - 2 potions of invisibility
 d - a potion of might
 e - a potion of berserk rage {unknown}
 j - a potion of degeneration {unknown}
 m - 2 potions of flight
 n - a potion of agility {unknown}
 s - a potion of curing {unknown}
 t - a potion of ambrosia {unknown}
 v - a potion of brilliance
 z - a potion of haste
 A - a potion of heal wounds {unknown}
 C - a potion of experience {unknown}
Comestibles
 f - 3 bread rations
 i - 3 meat rations
 k - 5 royal jellies


   Skills:
 + Level 4.0 Fighting
 + Level 5.1 Maces & Flails
 + Level 4.6 Armour
 + Level 2.1 Dodging
 + Level 5.0 Shields


You had 6 spell levels left.
You didn't know any spells.

Dungeon Overview and Level Annotations

Branches:
Dungeon (5/15)             Temple (0/1) D:4

Altars:
Dithmenos
Makhleb
Nemelex Xobeh
Ru
Sif Muna
Vehumet
Yredelemnul


Innate Abilities, Weirdness & Mutations

You are resistant to damage.
You can heal yourself by infusing magical energy.
You passively map a small area around you.
You do not regenerate.


Message History

The orc wizard casts a spell at you. The magic dart hits you!
* * * LOW HITPOINT WARNING * * *
Your shield and scale mail prevent you from hitting the orc wizard.
The orc wizard is almost dead.
The orc wizard casts a spell.
The orc wizard blinks!
The orc wizard closely misses you. You block the orc priest's attack.
You barely miss the orc wizard.
The orc wizard is almost dead.
The orc wizard hits you but does no damage.
You block the orc priest's attack. The orc wizard completely misses you.
The orc priest calls upon Beogh to heal the orc wizard.
The orc wizard is healed somewhat.
You hit the orc wizard.
The orc wizard is severely wounded.
The orc wizard hits you but does no damage.
The orc priest mumbles some strange prayers to Beogh against you.
Beogh smites you!
You die...

........... *,#...######
, ..#........ ,* #...#
..#########* #...#
........., ,, #...#
..##....# * #.### ,, ..#
.... * #.# ..# ... #.#
..# .... * #.#
#.##.....*, #@# *
...............o†o......
,
..#####.###..###.###....
, ..# .. , ,#.# ,..
..######## ,#.#
.........# * #.# , , ,
..######.# *,,#.# , ..#
* #+# * .## , ,


You could see an orc priest and an orc wizard.

Vanquished Creatures
  A howler monkey (D:4)
  5 orc priests
  A hound (D:4)
  2 orc wizards
  A centaur skeleton (D:5)
  Ijyb (D:3)
  2 worker ants
  A hound skeleton (D:4)
  Robin (D:3)
  3 gnolls (D:3)
  5 adders
  2 adder skeletons (D:4)
  2 worms (D:2)
  2 dart slugs (D:1)
  A leopard gecko (D:3)
  20 orcs
  2 giant cockroaches
  18 goblins
  12 hobgoblins
  10 jackals
  2 kobolds
  A quokka (D:3)
  4 bats
  4 frilled lizards
  A leopard gecko skeleton (D:4)
  9 rats
113 creatures vanquished.

Notes
Turn   | Place    | Note
-------+----------+-------------------------------------------
     0 | D:1      | greprep the Deep Dwarf Fighter began the quest for the Orb.
     0 | D:1      | Reached XP level 1. HP: 20/20 MP: 1/1
   151 | D:1      | Reached XP level 2. HP: 23/28 MP: 2/2
  1016 | D:2      | Found a shadowy altar of Dithmenos.
  1016 | D:2      | Found a sacrificial altar of Ru.
  1094 | D:2      | Found a burning altar of Makhleb.
  1099 | D:2      | Became a worshipper of Makhleb the Destroyer
  1107 | D:2      | Reached XP level 3. HP: 17/34 MP: 3/3
  1454 | D:2      | Found a sparkling altar of Nemelex Xobeh.
  1712 | D:3      | Reached XP level 4. HP: 37/42 MP: 4/4
  1767 | D:3      | Reached XP level 5. HP: 16/50 MP: 5/5
  2123 | D:3      | Reached * piety under Makhleb
  2159 | D:3      | Noticed Ijyb
  2200 | D:3      | Killed Ijyb
  2200 | D:3      | Reached skill level 1 in Dodging
  2360 | D:3      | Noticed Robin
  2384 | D:3      | Killed Robin
  2639 | D:3      | Reached XP level 6. HP: 21/57 MP: 6/6
  2662 | D:3      | Found a radiant altar of Vehumet.
  2662 | D:3      | Found a deep blue altar of Sif Muna.
  3096 | D:4      | HP: 1/57 [orc priest/nerve-wracking pain (6)]
  3262 | D:4      | Found a staircase to the Ecumenical Temple.
  3579 | D:4      | Reached skill level 5 in Maces & Flails
  3646 | D:4      | Found a basalt altar of Yredelemnul.
  3963 | D:5      | Entered Level 5 of the Dungeon
  3970 | D:5      | Reached XP level 7. HP: 31/64 MP: 7/7
  4033 | D:5      | Reached ** piety under Makhleb
  4033 | D:5      | Reached skill level 5 in Shields
  4167 | D:5      | Killed from afar by an orc priest

Skill      XL: |  1  2  3  4  5  6  7 |
---------------+----------------------+-----
Fighting       | 3 4 |  4.0
Maces & Flails | 3 4 5 |  5.1
Shields        | 4 5 |  5.0
Armour         | 4 |  4.6
Dodging        | 1 2 |  2.1

Action                   |  1- 3 |  4- 6 |  7- 9 || total
-------------------------+-------+-------+-------++-------
Melee: Flail             |    89 |       |       ||    89
       Mace              |    23 |   353 |    50 ||   426
 Abil: Heal Wounds       |     1 |     7 |     1 ||     9
  Use: Scroll            |       |     8 |       ||     8
       Potion            |       |     1 |       ||     1
  Eat: Meat ration       |     1 |     1 |       ||     2
       Chunk             |       |     2 |       ||     2
Armor: Scale mail        |    40 |   137 |    18 ||   195
Dodge: Dodged            |    39 |   113 |    13 ||   165
Block: Shield            |    61 |   194 |    19 ||   274
